 Dungeon Crawl Stone Soup version 0.17-a0-1887-g3e50df6 (webtiles) character file.

17430 mcbry74 the Thrower (level 12, 0/78 HPs)
             Began as a Halfling Fighter on Sept 23, 2015.
             Was an Elder of Nemelex Xobeh.
             Slain by a harpy (5 damage)
             ... summoned by Kirke the stone giant
             ... on level 12 of the Dungeon.
             The game lasted 02:33:01 (18104 turns).

mcbry74 the Thrower (Halfling Fighter)             Turns: 18104, Time: 02:33:02

Health: 0/78       AC: 18    Str: 17    XL:     12   Next: 82%
Magic:  13/13      EV:  9    Int: 10    God:    Nemelex Xobeh [****..]
Gold:   595        SH: 18    Dex: 15    Spells: 0 memorised, 11 levels left

rFire  + + .     SeeInvis .     n - +5 short sword (venom)
rCold  + . .     Clarity  .     J - +0 plate armour
rNeg   . . .     SustAt   .     c - +5 shield
rPois  +         Gourm    .     F - +2 helmet
rElec  +         Spirit   .     (no cloak)
rCorr  +         Warding  .     (no gloves)
rMut   .         Stasis   .     t - +0 pair of boots
MR     .....                    (no amulet)
Stlth  ..........               y - ring of poison resistance
                                H - ring of protection from fire

@: resistant, glowing, not resistant to hostile enchantments, extremely
unstealthy
A: mutation resistance 1
a: Triple Draw, Deal Four, Renounce Religion


You were on level 12 of the Dungeon.
You worshipped Nemelex Xobeh.
Nemelex Xobeh was greatly pleased with you.
You were not hungry.

You visited 2 branches of the dungeon, and saw 13 of its levels.
You also visited: Ossuary.

You collected 639 gold pieces.

Inventory:

Hand weapons
 a - a +1 rapier
 n - a +5 short sword of venom (weapon)
 q - a +0 dagger of holy wrath
Missiles
 g - a tomahawk (quivered)
Armour
 c - a +5 shield (worn)
 t - a +0 pair of boots (worn)
 F - a +2 helmet (worn)
 I - a +2 ring mail of magic resistance
 J - a +0 plate armour (worn)
Jewellery
 m - a cursed ring of teleportation {unknown}
 y - a ring of poison resistance (right hand)
 H - a ring of protection from fire (left hand)
Magical devices
 b - a wand of random effects (18)
 d - a wand of enslavement (0)
 A - a wand of random effects (17)
 G - a wand of fire (0)
 U - a wand of fireball (9)
 V - a wand of fireball (7)
 X - a wand of lightning (7)
Scrolls
 k - 4 scrolls of remove curse
 o - 3 scrolls of amnesia
 s - 3 scrolls of immolation {unknown}
 u - 2 scrolls of fog
 x - 4 scrolls of teleportation
 z - 2 scrolls of fear
 C - 2 scrolls of brand weapon {unknown}
 L - 10 scrolls of identify
 N - 2 scrolls of recharging {unknown}
 Q - a scroll of vulnerability {unknown}
 T - a scroll of magic mapping
 W - a scroll of enchant armour
 Z - a scroll of blinking {unknown}
Potions
 f - 2 potions of poison
 i - 2 potions of mutation {unknown}
 j - 2 potions of magic
 r - 5 potions of agility
 v - 5 potions of curing
 w - a potion of brilliance {unknown}
 E - a potion of haste {unknown}
 K - 7 potions of flight {unknown}
 R - 2 potions of ambrosia {unknown}
Books
 l - a book of Flames

   Spells                             Type                      Level
   a - Flame Tongue                   Conjuration/Fire             1
   b - Throw Flame                    Conjuration/Fire             2
   c - Conjure Flame                  Conjuration/Fire             3
   d - Inner Flame                    Hexes/Fire                   3
   e - Sticky Flame                   Conjuration/Fire             4
   f - Fireball                       Conjuration/Fire             5
Miscellaneous
 h - a plain deck of war {drawn: 3}
 B - a stone of tremors
 M - a legendary deck of escape {drawn: 3}
 S - an ornate deck of war {drawn: 1}
 Y - a plain deck of war {drawn: 2}
Comestibles
 e - 5 bread rations
 p - a beef jerky
 D - a meat ration
 P - 6 royal jellies


   Skills:
 + Level 5.8 Fighting
 * Level 12.4 Short Blades
 * Level 12.7 Throwing
 + Level 8.1 Armour
 + Level 5.7 Dodging
 - Level 1.0 Stealth
 + Level 11.3 Shields
 + Level 2.6 Evocations


You had 11 spell levels left.
You didn't know any spells.

Dungeon Overview and Level Annotations

Branches:
Dungeon (12/15)            Temple (1/1) D:6            Lair (0/8) D:11
    Orc (0/4) D:12

Altars:
Ashenzari
Cheibriados
Dithmenos
Elyvilon
Fedhas
Gozag
Kikubaaqudgha
Makhleb
Nemelex Xobeh
Okawaru
Qazlal
Ru
Sif Muna
Trog
Vehumet
Xom
Yredelemnul
Zin
The Shining One
Beogh

Shops:
D:8 (   D:10 *

Annotations:
D:9 exclusion: ice statue
D:12 Kirke


Innate Abilities, Weirdness & Mutations

You are small and have problems with some larger weapons.
You are somewhat resistant to further mutation.


Message History

* * * LOW HITPOINT WARNING * * *
You block the harpy's attack. x3
The harpy screeches!
You block the harpy's attack. x2
Kirke casts a spell.
Kirke flickers and vanishes!
The harpy screeches!
You block the harpy's attack. The harpy claws you but does no damage.
The harpy claws you!
* * * LOW HITPOINT WARNING * * *
The harpy completely misses you.
You closely miss the harpy.
The harpy is moderately wounded.
The harpy screeches!
The harpy completely misses you. The harpy claws you but does no damage.
You draw a card...
It is the Shaft.
A shaft materialises beneath you!
The harpy is sucked into a shaft!
You block the harpy's attack. You block the harpy's attack.
The harpy claws you.
You die...
Your body glows with a rainbow of weird colours and disappears.

.#.#....#....#.....#
'#.#....#...###....#
.#.#....#...#.....##
..#####.#...#.....#
..#...#.#####...[.#
#####.#...........#
....#.#..######...#
....#.'..#....#.H.#
⌠...#.#..#....+.@.#
....###..#....#{§.##
....#....#(........#
8[8##...)#.#.#.#.#.#
...)...............#
.....).....#.#.#.#.#
........#..........#
......[[#..#.#.#.#.#
......[)#..........#


You could see a harpy.

Vanquished Creatures
  An unseen horror (D:11)
  An orc knight (D:12)
  4 hill giants
  An ugly thing (D:12)
  A spiny frog (D:11)
  A komodo dragon (D:11)
  Psyche (D:8)
  2 centaur skeletons
  A kobold demonologist (D:12)
  A queen bee (D:8)
  3 trolls
  2 wraiths
  Sigmund (D:3)
  A wyvern (D:11)
  3 hippogriffs
  2 deep elf magi
  12 yaks
  A hungry ghost (D:11)
  4 hogs (D:12)
  A black bear (D:9)
  8 orc warriors
  A phantom (D:9)
  A sky beast (D:5)
  3 necrophages
  3 ogres
  2 ice beasts
  A centaur (D:10)
  2 big kobolds
  A wyvern zombie (D:9)
  7 giant frogs
  A scorpion (D:8)
  10 wights
  A water moccasin skeleton (D:9)
  29 killer bees
  An electric eel (D:11)
  2 giant frog zombies
  4 crimson imps
  5 jellies
  6 hounds
  3 centaur zombies
  3 iguanas
  6 orc priests
  8 orc wizards
  Terence (D:3)
  A sheep (D:11)
  9 worker ants
  2 mummies
  Robin (D:2)
  9 gnolls
  A worker ant zombie (D:10)
  5 adders
  5 river rats (D:5)
  5 shadow imps
  2 adder zombies
  5 worms
  An adder skeleton (D:7)
  2 giant geckos
  33 orcs
  10 bats
  3 giant cockroaches
  11 hobgoblins
  14 kobolds
  3 quokkas
  2 giant newts
  4 gnoll skeletons (Ossuary)
  13 goblins
  9 jackals
  5 kobold skeletons (Ossuary)
  16 orc skeletons (Ossuary)
  13 rats
337 creatures vanquished.

Vanquished Creatures (collateral kills)
  Erica (D:11)
  Pikel (D:7)
  An ugly thing (D:11)
  A centaur skeleton (D:11)
  A kobold demonologist (D:11)
  A deep elf mage (D:11)
  2 ogres (D:4)
  2 orc warriors (D:12)
  A phantom (D:4)
  A big kobold (D:11)
  2 giant frogs (D:6)
  2 wights (D:10)
  2 crimson imps
  4 orc wizards
  An orc priest (D:7)
  2 hell rats (D:5)
  An adder (D:7)
  8 gnolls
  2 river rats (D:5)
  A giant gecko (D:6)
  9 orcs
  2 jackals (D:7)
  3 kobolds
  13 rats (D:5)
64 creatures vanquished.

Vanquished Creatures (others)
  A crimson imp (D:7)
  An adder (D:7)
2 creatures vanquished.

Grand Total: 403 creatures vanquished

Notes
Turn   | Place    | Note
--------------------------------------------------------------
     0 | D:1      | mcbry74 the Halfling Fighter began the quest for the Orb.
     0 | D:1      | Reached XP level 1. HP: 15/15 MP: 1/1
   340 | D:1      | Reached XP level 2. HP: 18/20 MP: 2/2
   967 | D:1      | Reached skill level 1 in Dodging
   967 | D:1      | Reached XP level 3. HP: 21/25 MP: 3/3
  1008 | D:1      | Reached skill level 1 in Throwing
  1228 | D:2      | Noticed Robin
  1393 | D:1      | Reached XP level 4. HP: 28/30 MP: 4/4
  1457 | D:2      | Killed Robin
  1549 | D:2      | Reached skill level 4 in Shields
  1663 | D:2      | Found a sparkling altar of Nemelex Xobeh.
  2576 | D:2      | Became a worshipper of Nemelex Xobeh the Trickster
  2640 | D:3      | Received a gift from Nemelex Xobeh
  2737 | D:3      | Reached XP level 5. HP: 36/36 MP: 5/5
  3346 | D:3      | Noticed Sigmund
  3357 | D:3      | Noticed Terence
  3806 | D:3      | Killed Sigmund
  3806 | D:3      | Reached XP level 6. HP: 33/42 MP: 6/6
  3821 | D:3      | Killed Terence
  3965 | D:3      | Found a sparkling altar of Nemelex Xobeh.
  4210 | D:4      | Reached XP level 7. HP: 46/46 MP: 7/7
  4218 | D:4      | Found a stormy altar of Qazlal.
  4784 | D:4      | Reached skill level 5 in Short Blades
  5019 | D:5      | Entered Level 5 of the Dungeon
  5087 | D:5      | Reached skill level 1 in Evocations
  5295 | D:5      | Found a sacrificial altar of Ru.
  5481 | D:5      | Reached XP level 8. HP: 48/52 MP: 8/8
  5525 | D:5      | Reached skill level 1 in Stealth
  5698 | D:5      | Reached skill level 5 in Throwing
  5927 | D:5      | Reached skill level 5 in Shields
  5989 | D:5      | Received a gift from Nemelex Xobeh
  6051 | D:5      | Reached skill level 5 in Armour
  6572 | D:6      | Reached skill level 6 in Short Blades
  6923 | D:6      | Reached XP level 9. HP: 57/57 MP: 10/10
  7082 | D:6      | Found a white marble altar of Elyvilon.
  7180 | D:6      | Found a staircase to the Ecumenical Temple.
  7293 | D:6      | Reached skill level 7 in Throwing
  7378 | Temple   | Entered the Ecumenical Temple
  8207 | D:7      | Noticed Pikel
  8231 | D:7      | Killed Pikel
  8231 | D:7      | Reached skill level 8 in Throwing
  8231 | D:7      | Reached skill level 5 in Dodging
  8810 | D:7      | Reached XP level 10. HP: 41/63 MP: 11/11
  9010 | D:7      | Noticed a moth of wrath
  9021 | D:7      | Found a bloodstained altar of Trog.
  9712 | D:8      | Found Feympakk's Weapon Shop.
  9758 | D:8      | Noticed Psyche
  9768 | D:8      | Killed Psyche
  9768 | D:8      | Reached skill level 9 in Throwing
  9961 | D:8      | Acquired Nemelex Xobeh's first power
 10112 | D:8      | Found a sand-covered staircase.
 10178 | Ossuary  | Entered an ossuary
 11035 | D:8      | Reached skill level 10 in Throwing
 11072 | D:8      | Received a gift from Nemelex Xobeh
 12357 | D:9      | Identified Enacynitt's Grimoire of Changing
 12402 | D:9      | Found a radiant altar of Vehumet.
 12444 | D:9      | Received a gift from Nemelex Xobeh
 12484 | D:9      | Reached XP level 11. HP: 69/69 MP: 12/12
 12532 | D:9      | Acquired Nemelex Xobeh's second power
 12596 | D:9      | Noticed an ice statue
 12797 | D:9      | Found a shimmering altar of Xom.
 12797 | D:9      | Found a shimmering altar of Xom.
 12797 | D:9      | Found a shimmering altar of Xom.
 12986 | D:9      | Found a glowing golden altar of the Shining One.
 13037 | D:10     | Entered Level 10 of the Dungeon
 13038 | D:10     | Received a gift from Nemelex Xobeh
 13052 | D:10     | Found Votzaply's Assorted Antiques.
 13160 | D:10     | Noticed a hill giant
 13167 | D:10     | Killed a hill giant
 13449 | D:10     | Reached skill level 11 in Throwing
 13963 | D:11     | Received a gift from Nemelex Xobeh
 14313 | D:11     | Noticed a hill giant
 14321 | D:11     | Noticed a hill giant
 14335 | D:11     | Killed a hill giant
 14341 | D:11     | Killed a hill giant
 14341 | D:11     | Reached skill level 10 in Short Blades
 14341 | D:11     | Reached skill level 10 in Shields
 14663 | D:11     | Found a staircase to the Lair.
 14669 | D:11     | Received a gift from Nemelex Xobeh
 14893 | D:11     | Noticed a hill giant
 14910 | D:11     | Killed a hill giant
 14910 | D:11     | Reached skill level 12 in Throwing
 14910 | D:11     | Reached XP level 12. HP: 76/76 MP: 13/13
 15013 | D:11     | Received a gift from Nemelex Xobeh
 15049 | D:11     | Noticed Erica
 15055 | D:11     | Noticed a white ugly thing
 15062 | D:11     | Killed Erica
 15073 | D:11     | Killed a white ugly thing
 15073 | D:11     | Reached skill level 5 in Fighting
 15661 | D:11     | Received a gift from Nemelex Xobeh
 16224 | D:12     | Found a roughly hewn altar of Beogh.
 16224 | D:12     | Found a staircase to the Orcish Mines.
 17192 | D:12     | Acquired Nemelex Xobeh's third power
 17261 | D:12     | Noticed Kirke
 17283 | D:12     | Noticed a sphinx
 17283 | D:12     | Noticed Kirke
 17283 | D:12     | Kirke changed into Kirke the stone giant
 17283 | D:12     | Noticed a frost giant
 17283 | D:12     | a sphinx changed into a frost giant
 18104 | D:12     | Slain by a harpy

Vault maps used:
D:1:      evilmike_arrival_grusome_pit
D:2:      nemelex_deck, uniq_robin
D:3:      lemuel_coloured_pillars_altar, uniq_terence, uniq_sigmund
D:4:      nicolae_overflow_crystal_walls
D:5:      lemuel_ratsnest, old_standard_altar, first_bread
D:6:      lemuel_round_altar, minmay_temple_entry_statues_fountains
D:7:      tgw_trog, uniq_pikel
D:8:      serial_shops, shop, gup_ossuary_entry_pyramid, david_nohive_1,
          minmay_stone_trees_medium, hangedman_decor_peaks_small, uniq_psyche
D:9:      lemuel_ice_statue, nicolae_tso_swordbearing_angel, old_standard_altar,
          xom_shifter_show
D:10:     serial_shops, nicolae_shop_overgrown_old_shop
D:11:     dpeg_lair_monsters, kennysheep_pointless_box, uniq_erica
D:12:     david_orc_5, serial_co_window_serial, co_window_of_opportunity_a,
          co_window_of_opportunity_a, co_window_corner_a, co_window_paths_b,
          co_window_of_opportunity_a, co_window_paths_a, co_window_paths_c,
          co_window_broadway_a, co_window_corner_ca, co_window_2corner,
          co_window_4corner_a, co_window_paths_d, glass_columns_a,
          glass_columns_c, glass_columns_a, glass_columns_a, lab_entry_generic,
          uniq_kirke
Temple:   eino_temple_water_12
Ossuary:  ossuary_due_mausoleum

Action                   |  1- 3 |  4- 6 |  7- 9 | 10-12 || total
-------------------------+-------+-------+-------+-------++-------
Melee: Rapier            |   107 |   225 |   477 |    46 ||   855
       Dagger            |       |       |       |   443 ||   443
       Short sword       |       |       |       |   773 ||   773
       Unarmed           |       |       |       |     6 ||     6
Throw: Stone             |    17 |    61 |    21 |    20 ||   119
       Tomahawk          |       |    18 |    64 |    80 ||   162
Invok: Triple Draw       |       |       |       |     2 ||     2
Evoke: Deck              |       |     7 |    26 |    27 ||    60
       Wand              |       |       |     7 |     2 ||     9
  Use: Scroll            |       |    11 |    12 |     6 ||    29
       Potion            |       |     3 |     1 |     3 ||     7
 Stab: Distracted        |       |       |     1 |     3 ||     4
       Confused          |       |       |     2 |     1 ||     3
  Eat: Chunk             |     2 |     7 |     6 |    10 ||    25
       Bread ration      |       |     1 |       |     1 ||     2
       Pizza             |       |       |     1 |     3 ||     4
       Meat ration       |       |       |     1 |     1 ||     2
       Fruit             |       |       |       |     3 ||     3
       Royal jelly       |       |       |       |     2 ||     2
       Beef jerky        |       |       |       |     1 ||     1
